 Dungeon Crawl Stone Soup version 0.30-a0-830-gfe289a77b0 (webtiles) character file.

Game seed: 14285373920845498954

582 ytrimaz the Trooper (level 7, -2/78 HPs)
             Began as an Ogre Monk on Feb 28, 2023.
             Slain by a wyvern (3 damage)
             ... on level 5 of the Dungeon.
             The game lasted 00:05:07 (3762 turns).

ytrimaz the Trooper (Ogre Monk)                     Turns: 3762, Time: 00:05:07

Health: -2/78      AC:  3    Str: 18    XL:     7   Next: 36%
Magic:  7/7        EV: 10    Int: 11    God:
Gold:   215        SH:  0    Dex: 11    Spells: 6/6 levels left

rFire   . . .      SeeInvis .    f - +5 lajatang of Wu Jian, Cursing {heavy, *Corrode Fragile rElec rN++}
rCold   . . .      Faith    .    (shield currently unavailable)
rNeg    + + .      Spirit   .    b - +0 robe
rPois   .          Reflect  .    (helmet restricted)
rElec   +          Harm     .    (no cloak)
rCorr   .          Rampage  .    (gloves unavailable)
Will    .....                    (boots unavailable)
Stlth   ++                       (no amulet)
HPRegen 0.33/turn                (no ring)
MPRegen 0.10/turn                (no ring)

@: no status effects
A: large, unfitting armour, tough skin 1
a: no special abilities


You were on level 5 of the Dungeon.
You visited 1 branch of the dungeon, and saw 5 of its levels.
You also visited: Ossuary.

You collected 855 gold pieces.
You spent 640 gold pieces at shops.


Innate Abilities, Weirdness & Mutations

You are too large for most types of armour.
You have tough skin. (AC +1)


   Skills:
 + Level 7.4 Fighting
 - Level 3.5(4.6) Maces & Flails
 * Level 5.0(5.7) Staves
 - Level 2.9 Dodging
 - Level 1.4 Stealth


You had 6 spell levels left.
You didn't know any spells.
Your spell library contained the following spells:

 Spells                   Type           Power      Damage    Failure   Level
 Foxfire                  Conj/Fire      0%         2x1d4     34%         1
 Kiss of Death            Conj/Necr      0%         2d5       34%         1
 Confusing Touch          Hex            0%         N/A       71%         3
 Dispel Undead            Necr           0%         3d6       98%         4
 Fireball                 Conj/Fire      0%         3d3       100%        5
 Starburst                Conj/Fire      0%         6d3       100%        6

Inventory:

Hand Weapons
 a - a +0 mace
 f - the +5 lajatang of Wu Jian, Cursing (weapon) {heavy, *Corrode Fragile rElec rN++}
   (You bought it in a shop on level 1 of the Dungeon)

   rElec:     It insulates you from electricity.
   rN:        It greatly protects you from negative energy.
   *Corrode:  It may corrode you when you take damage.
   Fragile:   It will be destroyed if unequipped.
Armour
 b - a +0 robe (worn)
Jewellery
 o - an amulet of magic regeneration
   (You found it on level 2 of the Dungeon)
Wands
 n - a wand of digging (6)
   (You found it on level 2 of the Dungeon)
 t - a wand of charming (11)
   (You found it on level 3 of the Dungeon)
Scrolls
 c - 2 scrolls of blinking {unknown}
 d - a scroll of torment {unknown}
 h - 2 scrolls of poison {unknown}
 i - a scroll of teleportation {unknown}
 k - a scroll of fog
 l - a scroll of amnesia {unknown}
 r - a scroll of magic mapping
 s - 7 scrolls of noise
 y - a scroll of enchant weapon {unknown}
 B - a scroll of summoning {unknown}
Potions
 e - a potion of resistance
 g - a potion of haste {unknown}
 j - 9 potions of curing
 m - 3 potions of attraction
 p - a potion of cancellation
 q - a potion of ambrosia
 u - 2 potions of mutation {unknown}
 v - a potion of berserk rage {unknown}
 w - 3 potions of heal wounds
 x - 2 potions of brilliance {unknown}
 z - a potion of might {unknown}
 A - a potion of invisibility {unknown}

Dungeon Overview and Level Annotations

Branches:
Dungeon (5/15) Zot: 26429 Ossuary (visited)
 Temple: D:4-7

Altars:

Shops:
D:1

* #........#
#........#
#........##
#.........####
#.........[...
#........####
#..[.....#
#........#
#######)@#
##Yl# ##...
..... ......#
....### .####
.#


You could see a wyvern and an ice beast.


Message History

Partly explored, can't reach some items and places.
Unknown command.
Really walk onto that alarm trap?
You set off the alarm!
The alarm trap emits a blaring wail!
A sentinel's mark forms upon you.
A - a glowing puce potion
y - a scroll labelled IPU CAUZARE
k - 2 scrolls labelled JIEGIKU YPHEQO (gained 1)
w - 4 gluggy blue potions (gained 2) Done exploring.
Done exploring.
Done exploring.
Done exploring.
You start waiting.
The sentinel's mark upon you fades away.
Unknown command.
As you read the scroll labelled JIEGIKU YPHEQO, it crumbles to dust.
The scroll dissolves into smoke.
It was a scroll of fog.
Unknown command.
There is an open door here.
There is an open door here.
There is an empty arch of ancient stone here.
There is a gate leading back out of this place here.
Welcome back to the Dungeon!
There is a collapsed entrance here.
It was a potion of heal wounds.
You feel much better.
Unknown command.
There is an open door here.
Key pressed, stopping explore.
You see here 3 stones.
Found a stone staircase leading down.
B - a scroll labelled ZINOIH UTIU
There is a stone staircase leading down here.
Found a stone staircase leading up.
Key pressed, stopping explore.
A quokka comes into view.
You slice the quokka!!
You kill the quokka!
You see here a +0 ring mail.
No target in view!
You now have 212 gold pieces (gained 4).
Key pressed, stopping explore.
An adder comes into view.
The adder hisses angrily.
An adder is nearby!
An adder is nearby!
You miss the adder. The adder bites you.
You are poisoned.
The adder poisons you! The adder closely misses you. 😕 HP[-2]
You take 2 damage, and now have 76/78 hp.
You slice the adder!!
You kill the adder!
You feel sick. 😕 HP[-2]
You take 2 damage, and now have 74/78 hp.
You feel sick.
No target in view!
You feel sick.
You are no longer poisoned. 😕 HP[-1]
You take 1 damage, and now have 73/78 hp.
Unknown command.
Key pressed, stopping explore.
Done exploring. 😎 HP[+5]
Your hp is fully restored (78).
Done exploring.
There is a stone staircase leading down here.
You climb downwards.
There is a stone staircase leading up here.
An iguana is nearby!
The helpless iguana fails to defend itself.
You open the iguana like a pillowcase!!!
You kill the iguana!
Your Staves skill increases to level 5!
No target in view!
You see here an iguana corpse.
No target in view!
You now have 215 gold pieces (gained 3).
A wyvern comes into view.
A wyvern is nearby!
The wyvern hisses angrily.
An ice beast comes into view.
The wyvern bites you! The wyvern bites you. 😕 HP[-18]
You take 18 damage, and now have 60/78 hp.
MASSIVE DAMAGE!! (PAUSE)
You barely miss the wyvern. The wyvern bites you!! The wyvern bites you!
* * * LOW HITPOINT WARNING * * *
The wyvern bites you!
* * * LOW HITPOINT WARNING * * *
😱 HP[-45]
You take 45 damage, and now have 15/78 hp.
MASSIVE DAMAGE!! (PAUSE)
You barely miss the wyvern. The wyvern bites you!
* * * LOW HITPOINT WARNING * * *
The ice beast barely misses you. The wyvern bites you.
You die...

Skill      XL: |  1  2  3  4  5  6  7 |
---------------+----------------------+-----
Maces & Flails | 3 |  3.5
Fighting       | 6 7 |  7.4
Staves         | 3 4 5 |  5.0
Dodging        | |  2.9
Stealth        | |  1.4

Action                     |  1- 3 |  4- 6 |  7- 9 || total
---------------------------+-------+-------+-------++-------
  Melee: Mace              |    63 |       |       ||    63
         Lajatang          |    12 |   108 |    26 ||   146
    Use: Potion            |     1 |       |     1 ||     2
         Scroll            |     2 |     6 |     1 ||     9
   Stab: Sleeping          |     4 |     5 |     2 ||    11
         Distracted        |       |       |     1 ||     1
 Armour: Robe              |    31 |    57 |     3 ||    91
  Dodge: Dodged            |    42 |    85 |    13 ||   140

Levels and vault maps discovered:
D:1:      dpeg_arrival_arbitrary_c, layout_basic, serial_shops, shop,
          minmay_octomino_e4
D:2:      layout_basic, uniq_sigmund
D:3:      layout_basic, serial_bayou_pond_d, minmay_snake_closets
D:4:      layout_rooms, gup_ossuary_entry_pyramid
D:5:      layout_rooms, nicolae_yredelemnul_corpse_copse,
          minmay_temple_entry_arrows, uniq_ijyb

Notes
Turn   | Place    | Note
-------+----------+-------------------------------------------
     0 | D:1      | ytrimaz the Ogre Monk began the quest for the Orb.
     0 | D:1      | Reached XP level 1. HP: 24/24 MP: 1/1
     0 | D:1      | magus.rc [v1.9.6]
   198 | D:1      | Reached skill level 3 in Maces & Flails
   198 | D:1      | Reached XP level 2. HP: 31/32 MP: 2/2
   221 | D:1      | HP: 5/32 [gnoll/+0 club (8)]
   228 | D:1      | HP: 3/33 [jackal (3)]
   234 | D:1      | Reached XP level 3. HP: 6/40 MP: 3/3
   281 | D:1      | HP: 10/40 [kobold/+0 whip (5)]
   614 | D:1      | Found Jihidys's Assorted Antiques.
   675 | D:1      | Identified a scroll of acquirement
   711 | D:1      | Acquired 703 gold pieces
   716 | D:1      | Bought a warped lajatang for 640 gold pieces
   716 | D:1      | Identified the +5 lajatang of Wu Jian, Cursing {heavy,
                  | *Corrode Fragile rElec rN++} (You bought it in a shop on
                  | level 1 of the Dungeon)
  1250 | D:2      | Noticed Sigmund
  1255 | D:2      | Killed Sigmund
  1256 | D:2      | Reached skill level 6 in Fighting
  1256 | D:2      | Reached skill level 3 in Staves
  1256 | D:2      | Reached XP level 4. HP: 34/53 MP: 4/4
  1256 | D:2      | Reached XP level 5. HP: 39/61 MP: 5/5
  1363 | D:2      | Reached XP level 6. HP: 68/68 MP: 6/6
  1549 | D:2      | You pick up a book of Touch and begin reading...
  1549 | D:2      | You add the spells Kiss of Death, Confusing Touch and
                  | Dispel Undead to your library.
  1689 | D:2      | You pick up a book of Fire and begin reading...
  1689 | D:2      | You add the spells Foxfire, Fireball and Starburst to your
                  | library.
  2612 | D:3      | Reached skill level 4 in Staves
  3204 | D:4      | Found a sand-covered staircase.
  3211 | Ossuary  | Entered an ossuary
  3239 | Ossuary  | Reached skill level 7 in Fighting
  3239 | Ossuary  | Reached XP level 7. HP: 78/78 MP: 7/7
  3745 | D:5      | Entered Level 5 of the Dungeon
  3748 | D:5      | Reached skill level 5 in Staves
  3755 | D:5      | Noticed a wyvern
  3761 | D:5      | HP: 15/78 [wyvern (10)]
  3762 | D:5      | HP: 1/78 [wyvern (15)]
  3762 | D:5      | Slain by a wyvern

Vanquished Creatures
  Sigmund (D:2)
  A centaur zombie (Ossuary)
  2 human zombies (Ossuary)
  An iguana (D:5)
  4 mummies
  5 gnolls
  11 adders
  2 worms (D:3)
  A dart slug (D:1)
  5 orcs (D:3)
  7 endoplasms
  A giant cockroach (D:1)
  8 goblins
  7 hobgoblins
  A jackal (D:1)
  5 kobolds
  3 quokkas
  16 ball pythons
  6 bats
  4 frilled lizards
  A goblin zombie (Ossuary)
  2 hobgoblin zombies (Ossuary)
  2 orc zombies (Ossuary)
  6 rats
102 creatures vanquished.

Vanquished Creatures (others)
  A kobold (D:1)
  A plant (D:3)
2 creatures vanquished.

Grand Total: 104 creatures vanquished

Table legend:
 A = Non-vault XP
 B = Vault XP
 C = Vault XP percentage of total XP
 D = Non-vault monster count
 E = Vault monster count
 F = Vault count percentage of total count
                 A         B        C        D         E       F
            +---------+---------+-------+---------+---------+-------
      Total |     276 |     556 |  66.8 |      70 |      32 |  31.4
            +---------+---------+-------+---------+---------+-------
        D:1 |      43 |       9 |  17.3 |      20 |       6 |  23.1
        D:2 |      63 |     247 |  79.7 |      21 |       1 |   4.5
        D:3 |     115 |      90 |  43.9 |      23 |      13 |  36.1
        D:4 |      20 |      18 |  47.4 |       5 |       1 |  16.7
        D:5 |      35 |       0 |   0.0 |       1 |       0 |   0.0
    Ossuary |       0 |     192 | 100.0 |       0 |      11 | 100.0
            +---------+---------+-------+---------+---------+-------

Illustrated notes

Table legend:
 A = Kills in this place as a percentage of kills in the entire game.
 B = Kills by you in this place as a percentage of kills by you in the entire game.
 C = Kills by friends in this place as a percentage of kills by friends in the entire game.
 D = Other kills in this place as a percentage of other kills in the entire game.
 E = Experience gained in this place as a percentage of experience gained in the entire game.
 F = Experience gained in this place divided by the number of levels of this place that you have seen.
                   A       B       C       D       E      F
               +-------+-------+-------+-------+-------+----------------------
         Total | 100.0 | 100.0 |   N/A |   N/A | 100.0 | 138.7
       Dungeon |  89.2 |  89.2 |   N/A |   N/A |  76.9 | 128.0
       Ossuary |  10.8 |  10.8 |   N/A |   N/A |  23.1 | 192.0
               +-------+-------+-------+-------+-------+----------------------

Table legend: (Time is in decaauts)
 A = Elapsed time spent in this place.
 B = Non-inter-level travel time spent in this place.
 C = Inter-level travel time spent in this place.
 D = Time resting spent in this place.
 E = Time spent auto-exploring this place.
 F = Levels seen in this place.
 G = Mean time per level.
                   A        B        C        D        E       F      G
               +--------+--------+--------+--------+--------+-----+--------+
         Total |   3884 |   3754 |    130 |     23 |   2886 |   6 |  647.3 |
       Dungeon |   3569 |   3439 |    130 |      0 |   2692 |   5 |  713.8 |
       Ossuary |    315 |    315 |      0 |     23 |    194 |   1 |  315.0 |
               +--------+--------+--------+--------+--------+-----+--------+

Top non-repeatable levels by time:
     D:3: 1408 daAuts
     D:1: 1229 daAuts
     D:2: 540 daAuts
     D:4: 372 daAuts
 Ossuary: 315 daAuts
     D:5: 18 daAuts
